 Dungeon Crawl Stone Soup version 0.25-a0-10-g2fe12d4386 (webtiles) character file.

Game seed: 12225667944708816966, levelgen mode: deterministic

90 MalarOregon the Conjurer (level 4, -4/36 HPs)
             Began as a Draconian Conjurer on Oct 15, 2019.
             Killed from afar by an orc wizard (11 damage)
             ... with a puff of frost
             ... on level 3 of the Dungeon.
             The game lasted 00:02:24 (1524 turns).

MalarOregon the Conjurer (Draconian Conjurer)       Turns: 1524, Time: 00:02:25

Health: -4/36      AC:  5    Str: 10    XL:     4   Next: 32%
Magic:  7/8        EV: 12    Int: 17    God:
Gold:   148        SH:  0    Dex: 11    Spells: 7/8 levels left

rFire    . . .     SeeInvis .   d - +1 dagger (venom)
rCold    . . .     Gourm    .   (no shield)
rNeg     . . .     Faith    .   (armour unavailable)
rPois    .         Spirit   .   (helmet restricted)
rElec    .         Reflect  .   (no cloak)
rCorr    .         Harm     .   (no gloves)
MR       .....                  (no boots)
Stlth    ++........             (no amulet)
HPRegen  0.12/turn              (no ring)
MPRegen  0.11/turn              (no ring)

@: no status effects
A: unfitting armour, cold-blooded, AC +5
a: no special abilities


You were on level 3 of the Dungeon.
You were not hungry.

You visited 1 branch of the dungeon, and saw 3 of its levels.

You collected 148 gold pieces.

Inventory:

Hand Weapons
 d - a +1 dagger of venom (weapon)
   (You took it off a kobold on level 1 of the Dungeon)
Jewellery
 n - a +5 ring of strength {unknown}
   (You found it on level 1 of the Dungeon)
Scrolls
 b - a scroll of fear {unknown}
 f - 2 scrolls of fog {unknown}
 g - 2 scrolls of noise {unknown}
 h - a scroll of identify {unknown}
 i - 2 scrolls of teleportation {unknown}
 j - a scroll of remove curse {unknown}
 m - a scroll of amnesia {unknown}
Potions
 c - 2 potions of might {unknown}
 k - a potion of lignification {unknown}
 l - a potion of brilliance {unknown}
 o - a potion of flight {unknown}
 p - a potion of mutation {unknown}
Comestibles
 a - 3 chunks of flesh
 e - 10 rations {!d}


   Skills:
 + Level 2.0 Fighting
 + Level 2.5 Dodging
 - Level 1.7 Stealth
 + Level 2.7 Spellcasting
 + Level 4.5 Conjurations


You had 7 spell levels left.
You knew the following spells:

 Your Spells              Type           Power        Failure   Level  Hunger
a - Magic Dart            Conj           ###.         2%          1    #......

Your spell library contained the following spells:

 Spells                   Type           Power        Failure   Level  Hunger
 Searing Ray              Conj           ###...       4%          2    ##.....
 Dazzling Spray           Conj/Hex       #.....       22%         3    ###....
 Iskenderun's Mystic Bla  Conj           ###.....     28%         4    #####..
 Force Lance              Conj/Tloc      #.......     56%         4    #####..
 Fulminant Prism          Conj/Hex       #.........   56%         4    #####..


Dungeon Overview and Level Annotations

Branches:
Dungeon (3/15)

Altars:


Innate Abilities, Weirdness & Mutations

Your plain brown scales are hard. (AC +5)
You cannot fit into any form of body armour.
You are cold-blooded and may be slowed by cold attacks.


Message History

An orc comes into view. It is wielding a -1 club.
The frilled lizard closely misses you.
The orc wizard shouts!
You hit the orc but do no damage.
The orc is poisoned.
You hear a shout!
The orc hits you with a +0 whip. The rat closely misses you.
The frilled lizard bites you but does no damage.
You hit the orc.
Your tail-slap misses the orc.
A hobgoblin comes into view.
The rat twitches its whiskers.
The rat bites you but does no damage. The frilled lizard closely misses you.
You miss the frilled lizard.
The orc wizard mumbles some strange words.
The orc wizard seems to speed up.
The rat closely misses you. The frilled lizard barely misses you.
You barely miss the frilled lizard. The rat bites you.
The frilled lizard bites you.
You miss the frilled lizard.
You hear some strange, mumbled words.
A puff of flame appears from out of thin air!
The puff of flame hits you! The rat bites you.
The frilled lizard closely misses you.
The orc wizard gestures wildly while chanting.
The orc wizard blinks!
You hit the orc wizard.
The orc wizard is poisoned.
The orc wizard barely misses you. The orc hits you.
Something hits you but does no damage. The rat misses you.
The frilled lizard barely misses you.
The orc wizard gestures at you while chanting.
The puff of flame misses you.
A jackal comes into view.
Unknown command.
Okay, then.
You closely miss something. The orc misses you.
A jackal comes into view.
Something hits you.
* * * LOW HITPOINT WARNING * * *
The rat closely misses you. The frilled lizard bites you.
* * * LOW HITPOINT WARNING * * *
The magic dart hits something.
The jackal barks!
The orc wizard points at you and mumbles some strange words.
The magic dart hits you.
* * * LOW HITPOINT WARNING * * *
The orc hits you.
* * * LOW HITPOINT WARNING * * *
Something completely misses you. The rat barely misses you.
The orc wizard gestures at you while chanting.
The puff of frost hits you!
You die...

#<# #.# . #.#
.. #.# ... #.#
.... #.# .
..... #.# ...
......#{##?....
......o@oo.$...
......olr......
.......og......
.........#.....
.........#.....
.......h.# #.#.
.......h.. .#
.........# #


You could see 2 orc wizards, 3 orcs, 2 jackals, a hobgoblin, a frilled lizard
and a rat.

Vanquished Creatures
  2 adders (D:2)
  A shadow imp (D:2)
  2 oozes (D:2)
  A worm (D:2)
  A dart slug (D:1)
  4 bats
  3 giant cockroaches
  6 goblins
  5 hobgoblins
  2 jackals (D:2)
  2 quokkas (D:2)
  2 ball pythons (D:2)
  4 frilled lizards
  9 kobolds
  6 rats
50 creatures vanquished.

Notes
Turn   | Place    | Note
-------+----------+-------------------------------------------
     0 | D:1      | MalarOregon the Draconian Conjurer began the quest for the
                  | Orb.
     0 | D:1      | Reached XP level 1. HP: 14/14 MP: 3/3
   171 | D:1      | Reached XP level 2. HP: 22/22 MP: 1/5
   312 | D:1      | Reached skill level 1 in Fighting
   701 | D:2      | Reached XP level 3. HP: 28/28 MP: 0/6
  1105 | D:2      | Reached XP level 4. HP: 36/36 MP: 3/7
  1524 | D:3      | Killed from afar by an orc wizard

Levels and vault maps discovered:
D:1:      minmay_arrival_four_houses, layout_basic
D:2:      minmay_spotlight, layout_basic, first_ration, minmay_small_reverse_x
D:3:      layout_basic, chequers_avenue

Skill      XL: |  1  2  3  4 |
---------------+-------------+-----
Dodging        | 2 |  2.5
Fighting       | 1 2 |  2.0
Stealth        | |  1.7
Spellcasting   | |  2.7
Conjurations   | |  4.5

Action                   |  1- 3 |  4- 6 || total
-------------------------+-------+-------++-------
Melee: Unarmed           |    25 |       ||    25
       Tailslap          |     8 |     4 ||    12
       Dagger            |    79 |    49 ||   128
 Cast: Magic Dart        |    29 |     8 ||    37
 Stab: Sleeping          |     4 |     1 ||     5
  Eat: Chunk             |     1 |     2 ||     3
Armor: Skin              |    40 |    18 ||    58
Dodge: Dodged            |    72 |    47 ||   119

Table legend:
 A = Non-vault XP
 B = Vault XP
 C = Vault XP percentage of total XP
 D = Non-vault monster count
 E = Vault monster count
 F = Vault count percentage of total count
                 A         B        C        D         E       F
            +---------+---------+-------+---------+---------+-------
      Total |     112 |      17 |  13.2 |      43 |       7 |  14.0
            +---------+---------+-------+---------+---------+-------
        D:1 |      31 |       0 |   0.0 |      19 |       0 |   0.0
        D:2 |      81 |      17 |  17.3 |      24 |       7 |  22.6
            +---------+---------+-------+---------+---------+-------
